AoeStats
← clive bixby

Fortress

510803464Analyzed
1v1 RM · 1d ago on Oct 2, 2026· 25m 26s· 2 players
Game mode
Random Map
Map size
Small (3 player)
Population
200
Speed
Normal
Resources
Standard
Victory
Conquest
Starting age
Dark Age
Ending age
Imperial Age
RankedLock teamsTeams togetherTeam positionsShared explorationLock speedFull tech treeHidden civsTurbo modeCheats
Victory
Defeat
🇪🇸 Magyars · Spain
1006
+17
🇨🇦 Turks · Canada
1035
-17
GS
9:27 Feudal Age
13:08 Castle Age
14:35 Horse Collar
14:55 Double-Bit Axe
15:13 Loom
16:09 Bow Saw
19:41 Heavy Plow
21:27 Scale Barding Armor
21:59 Scale Barding Armor
25:22 Chain Barding Armor
clive bixby
8:37 Feudal Age
12:51 Castle Age
10:36 Horse Collar
11:17 Double-Bit Axe
12:12 Gold Mining
13:43 Heavy Plow
14:37 Bow Saw
15:06 Padded Archer Armor
21:07 Imperial Age
19:30 Leather Archer Armor
20:40 Loom
21:30 Wheelbarrow
21:36 Scale Barding Armor
21:42 Forging
22:36 Conscription
23:39 Gold Shaft Mining
23:49 Squires
25:30 Hand Cart
26:03 Chain Barding Armor
26:19 Iron Casting
Connection lost

Rejoining the realm…

Still unreachable

The connection could not be restored.

Session expired

The server has moved on; the page needs a fresh start.